 Dungeon Crawl Stone Soup version 0.31-a0-620-gd1cbd99268 (webtiles) character file.

Game seed: 4278610041090597619

168 Locuples the Trooper (level 5, 0/48 HPs)
             Began as a Minotaur Berserker on Aug 23, 2023.
             Was a Believer of Trog.
             Slain by a water moccasin (6 damage)
             ... on level 3 of the Dungeon.
             The game lasted 00:04:45 (2158 turns).

Locuples the Trooper (Minotaur Berserker)           Turns: 2158, Time: 00:04:46

Health: 0/48       AC:  9    Str: 23    XL:     5   Next: 23%
Magic:  4/4        EV:  9    Int:  4    God:    Trog [**....]
Gold:   131        SH:  0    Dex: 10    Spells: 4/4 levels left

rFire   . . .        a - +0 hand axe
rCold   . . .        (no shield)
rNeg    + . .        n - +0 chain mail
rPois   .            (helmet restricted)
rElec   .            (no cloak)
rCorr   .            (no gloves)
SInv    .            (no boots)
Will    .....        (no amulet) Stlth
                     l - ring of positive energy
HPRegen 0.28/turn    (no ring)
MPRegen 0.09/turn

%: no passive effects
@: lethally poisoned (0 -> -4)
A: horns 2, retaliatory headbutt
a: Renounce Religion, Berserk, Trog's Hand


You were on level 3 of the Dungeon.
You worshipped Trog.
Trog was pleased with you.
You visited 1 branch of the dungeon, and saw 3 of its levels.

You collected 131 gold pieces.

Inventory:

Hand Weapons
 a - a +0 hand axe (weapon)
Armour
 n - a +0 chain mail (worn)
Jewellery
 l - a ring of positive energy (left hand)
Wands
 b - a wand of flame (11)
Scrolls
 c - a scroll of blinking {unknown}
 e - a scroll of summoning {unknown}
 f - 5 scrolls of identify {unknown}
 h - a scroll of poison {unknown}
 i - 2 scrolls of teleportation {unknown}
 k - a scroll of amnesia {unknown}
 o - a scroll of noise {unknown}
 q - a scroll of vulnerability {unknown}
Potions
 d - 4 potions of lignification {unknown}
 g - 2 potions of heal wounds {unknown}
 j - a potion of degeneration {unknown}
 m - a potion of curing {unknown}
 p - a potion of magic {unknown}


   Skills:
 + Level 5.3 Fighting
 + Level 5.2 Axes
 + Level 2.9 Armour
 + Level 3.1 Dodging


You had 4 spell levels left.
You didn't know any spells.
Your spell library was empty.

Dungeon Overview and Level Annotations

Branches:
Dungeon (3/15)

Altars:


Innate Abilities, Weirdness & Mutations

You have a pair of horns on your head.
You reflexively headbutt those who attack you in melee.


Message History

The water moccasin bites you but does no damage.
You barely miss the water moccasin.
The water moccasin is heavily wounded.
You feel sick.
The water moccasin bites you but does no damage. x2
You miss the water moccasin.
The water moccasin is heavily wounded.
You feel sick.
The water moccasin bites you but does no damage.
You closely miss the water moccasin.
The water moccasin is heavily wounded.
You feel sick. The water moccasin bites you!
You are more poisoned.
The water moccasin poisons you!
You closely miss the water moccasin. You headbutt the water moccasin.
The water moccasin is heavily wounded.
You feel very sick. The water moccasin bites you.
* * * LOW HITPOINT WARNING * * *
The water moccasin bites you but does no damage.
You hit the water moccasin.
Your headbutt misses the water moccasin.
The water moccasin is heavily wounded.
* * * LOW HITPOINT WARNING * * *
You feel very sick.
The water moccasin bites you but does no damage.
You barely miss the water moccasin. You headbutt the water moccasin.
The water moccasin is heavily wounded.
You feel sick. The water moccasin barely misses you.
The water moccasin bites you but does no damage.
You miss the water moccasin.
The water moccasin is heavily wounded.
You feel sick.
The water moccasin bites you but does no damage.
You closely miss the water moccasin.
The water moccasin is heavily wounded.
You feel sick. The water moccasin bites you.
* * * LOW HITPOINT WARNING * * *
The water moccasin bites you.
You die...

..[.........................
..
........#..######....########
# ........#......##....#
..........####.###...#
..........# #.# ..........#
#.# .#......... #.# ##...##.
#.###.# ##.. #.@...# ##S#.##
..! # #.... ####.. ##. .# .


You could see a water moccasin.

Vanquished Creatures
  Terence (D:2)
  4 gnolls (D:2)
  4 adders (D:2)
  2 dart slugs (D:1)
  2 endoplasms
  2 giant cockroaches (D:1)
  9 hobgoblins
  4 jackals (D:3)
  5 kobolds
  5 quokkas
  3 ball pythons
  7 bats
  4 frilled lizards (D:1)
  5 goblins
  7 rats
64 creatures vanquished.

Notes
Turn   | Place    | Note
-------+----------+-------------------------------------------
     0 | D:1      | Locuples the Minotaur Berserker began the quest for the
                  | Orb.
     0 | D:1      | Reached XP level 1. HP: 19/19 MP: 0/0
   222 | D:1      | Reached XP level 2. HP: 27/27 MP: 1/1
   561 | D:1      | Reached ** piety under Trog
   746 | D:1      | Reached XP level 3. HP: 34/34 MP: 2/2
  1233 | D:2      | Noticed Terence
  1237 | D:2      | Reached XP level 4. HP: 32/41 MP: 3/3
  1245 | D:2      | Killed Terence
  1246 | D:2      | Reached skill level 5 in Fighting
  1458 | D:2      | Reached skill level 5 in Axes
  1562 | D:2      | Reached XP level 5. HP: 36/48 MP: 4/4
  2048 | D:3      | Identified the +7 dagger of Certain Death {drain, rElec rF+
                  | Stlth-}
  2145 | D:3      | Noticed a water moccasin
  2158 | D:3      | Slain by a water moccasin

Illustrated notes

Levels and vault maps discovered:
D:1:      minmay_arrival_nine_rooms, layout_basic, serial_co_window_serial,
          co_window_paths_a, co_window_paths_a, co_window_corner_a,
          co_window_paths_a, co_window_cross_1, co_window_corner_ca,
          co_window_paths_c, co_window_cross_2, co_window_of_opportunity_b,
          co_window_broadway_a, co_window_of_opportunity_c, glass_columns_c,
          glass_columns_a, glass_columns_a
D:2:      layout_basic, minmay_ruptured, uniq_terence
D:3:      layout_rooms, mainiacjoe_overflow_paths,
          nicolae_ru_great_annihilating_truth, grunt_ministairs_12,
          lemuel_flame_loot_1

Skill      XL: |  1  2  3  4 |
---------------+-------------+-----
Fighting       | 4 5 |  5.3
Axes           | 4 5 |  5.2
Dodging        | 3 |  3.1
Armour         | |  2.9

Action                     |  1- 3 |  4- 6 || total
---------------------------+-------+-------++-------
  Melee: Hand axe          |    69 |    66 ||   135
         Headbutt          |    10 |     7 ||    17
         Punch             |       |     1 ||     1
 Invoke: Berserk           |       |     1 ||     1
   Stab: Sleeping          |     2 |       ||     2
 Armour: Animal skin       |    12 |       ||    12
         Ring mail         |       |    10 ||    10
         Chain mail        |       |    24 ||    24
  Dodge: Dodged            |    53 |    42 ||    95

Table legend: (Time is in decaauts)
 A = Elapsed time spent in this place.
 B = Non-inter-level travel time spent in this place.
 C = Inter-level travel time spent in this place.
 D = Time resting spent in this place.
 E = Time spent auto-exploring this place.
 F = Levels seen in this place.
 G = Mean time per level.
                   A        B        C        D        E       F      G
               +--------+--------+--------+--------+--------+-----+--------+
         Total |   2177 |   2177 |      0 |     41 |   1608 |   3 |  725.7 |
       Dungeon |   2177 |   2177 |      0 |     41 |   1608 |   3 |  725.7 |
               +--------+--------+--------+--------+--------+-----+--------+

Top non-repeatable levels by time:
     D:1: 1090 daAuts
     D:2: 953 daAuts
     D:3: 133 daAuts
